 Dungeon Crawl Stone Soup version 0.31-a0-656-gb4d89c20fa (webtiles) character file.

Game seed: 11019460806127388265

7252 Dittersdorf the Protected (level 11, 0/72 HPs)
             Began as a Gargoyle Fighter on Aug 30, 2023.
             Was an Elder of Okawaru.
             Slain by a killer bee (4 damage)
             ... on level 9 of the Dungeon.
             The game lasted 00:15:45 (9440 turns).

Dittersdorf the Protected (Gargoyle Fighter)        Turns: 9440, Time: 00:15:46

Health: 0/72       AC: 27    Str: 24    XL:     11   Next: 12%
Magic:  11/11      EV:  7    Int:  9    God:    Okawaru [****..]
Gold:   642        SH:  7    Dex:  9    Spells: 10/10 levels left

rFire   . . .        k - +1 morningstar (freeze)
rCold   . . .        c - +1 buckler
rNeg    + . .        v - +0 plate armour
rPois   ∞            s - +0 helmet
rElec   +            (no cloak)
rCorr   .            (no gloves)
SInv    +            (no boots)
Will    .....        (no amulet) Stlth
                     i - +4 ring of protection
HPRegen 0.32/turn    t - ring of see invisible
MPRegen 0.12/turn

%: no passive effects
@: no status effects
A: sickness immunity, AC +8, negative energy resistance 1, electricity
resistance, torment resistance 1, petrification resistance
a: Renounce Religion, Heroism, Finesse


You were on level 9 of the Dungeon.
You worshipped Okawaru.
Okawaru was greatly pleased with you.
You visited 2 branches of the dungeon, and saw 11 of its levels.
You also visited: Bailey.

You collected 642 gold pieces.

Inventory:

Hand Weapons
 k - a +1 morningstar of freezing (weapon)
Missiles
 w - a poisoned dart
 x - 2 silver javelins (quivered)
Armour
 c - a +1 buckler (worn)
 s - a +0 helmet (worn)
 v - a +0 plate armour (worn)
Jewellery
 b - a ring of positive energy
 i - a +4 ring of protection (left hand)
 n - a ring of ice
 t - a ring of see invisible (right hand)
Wands
 g - a wand of digging (3)
 h - a wand of flame (16)
 q - a wand of quicksilver (24)
Scrolls
 o - a scroll of fear
 p - 3 scrolls of poison
Potions
 a - a potion of resistance
 d - 4 potions of might
 e - 4 potions of haste
 f - 3 potions of heal wounds
 j - 3 potions of brilliance
 l - 2 potions of mutation
 m - 2 potions of curing
 r - a potion of enlightenment
 u - 2 potions of invisibility {unknown}
 z - 2 potions of magic
 A - 2 potions of cancellation


   Skills:
 + Level 9.8 Fighting
 + Level 8.7 Maces & Flails
 + Level 9.9 Armour
 + Level 9.8 Shields


You had 10 spell levels left.
You didn't know any spells.
Your spell library contained the following spells:

 Spells                   Type           Power      Damage    Failure   Level
 Sandblast                Erth           0%         2d4       99%         1
 Slow                     Hex            0%         N/A       99%         1
 Lesser Beckoning         Tloc           0%         N/A       100%        2
 Passwall                 Tmut/Erth      0%         N/A       100%        2
 Confusing Touch          Hex            0%         N/A       100%        3
 Gell's Gravitas          Tloc           0%         N/A       100%        3
 Ignite Poison            Fire/Tmut/Pois 0%         N/A       100%        3
 Stone Arrow              Conj/Erth      0%         3d7       100%        3
 Teleport Other           Tloc           0%         N/A       100%        3
 Vampiric Draining        Necr           0%         2d6       100%        3
 Leda's Liquefaction      Hex/Erth       0%         N/A       100%        4
 Freezing Cloud           Conj/Ice/Air   0%         6-21      100%        5
 Lee's Rapid Deconstruct  Erth           0%         3d4*      100%        5
 Leda's Unmaking          Conj/Erth      0%         9d1       100%        6
 Cigotuvi's Dreadful Rot  Necr/Pois/Air  Unusable   N/A       N/A         2

Dungeon Overview and Level Annotations

Branches:
Dungeon (10/15)            Temple (1/1) D:6            Lair (0/5) D:10
 Bailey (visited)
    Orc: D:9-12

Altars:
Ashenzari
Cheibriados
Dithmenos
Elyvilon
Fedhas
Gozag
Hepliaklqana
Kikubaaqudgha
Makhleb
Nemelex Xobeh
Okawaru
Qazlal
Ru
Sif Muna
Trog
Uskayaw
Vehumet
Wu Jian
Xom
Yredelemnul
Zin

Shops:
D:1 =   D:10 (

Annotations:
D:10 1 runed translucent door
Temple 2 transporters


Innate Abilities, Weirdness & Mutations

You are immune to sickness and miasma.
Your stone body is resilient. (AC +8)
You are immune to poison.
You resist negative energy. (rN+)
You are resistant to electric shocks. (rElec)
You are resistant to unholy torment.
You are immune to petrification.


Message History

The killer bee stings you.
* * * LOW HITPOINT WARNING * * *
The killer bee attacks as it pursues you!
You block the killer bee's attack.
The killer bee stings you but does no damage.
The killer bee attacks as it pursues you!
You block the killer bee's attack. x2
The killer bee attacks as it pursues you!
The killer bee stings you but does no damage. x2
The killer bee stings you but does no damage.
The killer bee barely misses you.
The killer bee stings you but does no damage.
You block the killer bee's attack.
The killer bee stings you but does no damage.
The killer bee attacks as it pursues you!
The killer bee stings you but does no damage.
You block the killer bee's attack.
The killer bee stings you but does no damage.
There is a stone staircase leading up here.
The killer bee stings you.
* * * LOW HITPOINT WARNING * * *
You block the killer bee's attack.
The killer bee stings you but does no damage. x2
You climb upwards.
There is a stone staircase leading down here.
The killer bee stings you but does no damage.
The killer bee stings you.
* * * LOW HITPOINT WARNING * * *
The killer bee stings you but does no damage.
The killer bee stings you.
* * * LOW HITPOINT WARNING * * *
The killer bee barely misses you.
The killer bee attacks as it pursues you!
The killer bee stings you but does no damage.
The killer bee attacks as it pursues you!
You block the killer bee's attack.
The killer bee stings you but does no damage.
You block the killer bee's attack. The killer bee stings you.
You die...

##.....#.......#
##..............#
#...............#
#...............#
#...............# ####
#...............## #...
#......>.........########...
#.........y.................
##........y@...######...#...
##.....#.....## #...#...
#####.#.##...######.......
##....##...#............
#..#.###...#.####.......
#..).<.#.....# #...#...
#.)....#)..### ##.######
#...)......#####..#
#.)).......##....##


You could see 2 killer bees.

Vanquished Creatures
  A boulder beetle (D:7)
  2 two-headed ogres
  An orc knight (Bailey)
  Joseph (D:9)
  A troll (D:9)
  A shadow (D:7)
  3 yaks (D:10)
  A steam dragon (D:8)
  An acid dragon (D:8)
  2 water moccasins
  A black bear (D:10)
  An orc warrior (D:10)
  4 ogres
  4 centaurs
  Blork the orc (D:5)
  2 bullfrogs
  2 gnoll sergeants (D:9)
  3 scorpions
  9 wights
  9 killer bees
  3 howler monkeys (D:8)
  4 orc priests
  3 jellies
  4 hounds
  A gnoll bouda (D:9)
  2 sleepcaps
  2 iguanas
  10 orc wizards
  10 adders
  23 gnolls
  A shadow imp (D:6)
  2 white imps
  An ufetubus (D:5)
  A worm (D:3)
  2 dart slugs
  61 orcs
  11 endoplasms
  5 giant cockroaches
  6 goblins
  11 hobgoblins
  4 jackals (D:1)
  5 quokkas
  7 ball pythons
  4 bats (D:1)
  4 frilled lizards
  4 kobolds
  6 rats
247 creatures vanquished.

Vanquished Creatures (others)
  An orc wizard (D:7)
1 creature vanquished.

Grand Total: 248 creatures vanquished

Notes
Turn   | Place    | Note
-------+----------+-------------------------------------------
     0 | D:1      | Dittersdorf the Gargoyle Fighter began the quest for the
                  | Orb.
     0 | D:1      | Reached XP level 1. HP: 14/14 MP: 1/1
    93 | D:1      | Reached XP level 2. HP: 19/19 MP: 2/2
   108 | D:1      | Found Afisuoca's Jewellery Shop.
   562 | D:1      | Reached XP level 3. HP: 23/23 MP: 3/3
   933 | D:2      | Reached XP level 4. HP: 29/29 MP: 4/4
  1414 | D:3      | Reached XP level 5. HP: 28/33 MP: 5/5
  2201 | D:4      | Reached XP level 6. HP: 39/39 MP: 6/6
  2683 | D:4      | Reached skill level 5 in Fighting
  2683 | D:4      | Reached skill level 5 in Armour
  2683 | D:4      | Reached skill level 5 in Shields
  2689 | D:4      | Reached XP level 7. HP: 44/44 MP: 7/7
  2942 | D:4      | Found an ornate altar of the Wu Jian Council.
  2990 | D:5      | Entered Level 5 of the Dungeon
  3015 | D:5      | Noticed Blork the orc
  3021 | D:5      | Killed Blork the orc
  3124 | D:5      | Found a burning altar of Makhleb.
  3167 | D:5      | Found a glowing silver altar of Zin.
  3167 | D:5      | Noticed a balrug
  3167 | D:5      | Noticed an angel
  3207 | D:5      | Found a stormy altar of Qazlal.
  3212 | D:5      | Found an ancient bone altar of Kikubaaqudgha.
  3214 | D:5      | Found a snail-covered altar of Cheibriados.
  3214 | D:5      | Found a radiant altar of Vehumet.
  3214 | D:5      | Found a hazy altar of Hepliaklqana.
  3217 | D:5      | Found a white marble altar of Elyvilon.
  3219 | D:5      | Found a sacrificial altar of Ru.
  3289 | D:5      | Reached XP level 8. HP: 45/51 MP: 8/8
  3840 | D:5      | Reached skill level 5 in Maces & Flails
  4395 | D:6      | Found a staircase to the Ecumenical Temple.
  4424 | Temple   | Found a transporter.
  4424 | Temple   | Found a transporter.
  4424 | Temple   | Found a transporter.
  4424 | Temple   | Found a transporter.
  4424 | Temple   | Entered the Ecumenical Temple
  4436 | Temple   | Became a worshipper of Warmaster Okawaru
  4821 | D:6      | Reached XP level 9. HP: 39/56 MP: 9/9
  5482 | D:7      | Found a broken altar of Ashenzari.
  5700 | D:7      | Noticed a boulder beetle
  5729 | D:7      | Killed a boulder beetle
  5729 | D:7      | Reached * piety under Okawaru
  7005 | D:8      | Reached XP level 10. HP: 37/64 MP: 10/10
  7102 | D:8      | Reached ** piety under Okawaru
  7823 | D:9      | Noticed Joseph
  8084 | D:9      | Killed Joseph
  8136 | D:9      | Identified the +0 leather armour "Esoasch" {Harm rPois rC+
                  | Int+3}
  8232 | D:9      | Found a bloodstained altar of Trog.
  8417 | D:10     | Entered Level 10 of the Dungeon
  8418 | D:10     | Noticed a fire crab
  8418 | D:10     | Noticed a salamander
  8418 | D:10     | Found a runed translucent gate.
  8466 | D:10     | Noticed a two-headed ogre
  8479 | D:10     | Killed a two-headed ogre
  8505 | D:10     | Noticed a two-headed ogre
  8506 | D:10     | Found a flagged portal.
  8550 | D:9      | Killed a two-headed ogre
  8550 | D:9      | Reached *** piety under Okawaru
  8619 | Bailey   | Entered a bailey
  9006 | Bailey   | Noticed an orc knight
  9025 | Bailey   | Killed an orc knight
  9025 | Bailey   | Received a gift from Okawaru
  9026 | Bailey   | Reached XP level 11. HP: 52/71 MP: 8/11
  9188 | D:10     | Found Koqa's Weapon Shoppe.
  9393 | D:10     | Reached **** piety under Okawaru
  9404 | D:10     | Noticed a cyan ugly thing
  9440 | D:9      | Slain by a killer bee

Illustrated notes

Levels and vault maps discovered:
D:1:      spicycebolla_arrival_clurvy, layout_basic, serial_shops, shop,
          chequers_serial_rivers_small_a
D:2:      minmay_spotlight, layout_basic
D:3:      layout_loops_ring, wad_rectangle_vault
D:4:      layout_loops_ring, kennysheep_mini
D:5:      layout_loops_ring, grunt_temple_overflow_order_and_chaos_2,
          minitemple, grunt_ministairs_5, minmay_crystal_room,
          uniq_blork_the_orc
D:6:      layout_loops_ring, minmay_temple_entry_stoned_glass,
          minmay_misc_feat_square
D:7:      layout_gridville, ashenzari_conservatory_becter, item_on_display_a
D:8:      layout_cave_pools, minmay_fractal_squares_gapless_5
D:9:      layout_rooms, old_standard_altar, uniq_joseph
D:10:     layout_irregular_city, lemuel_tele_altar,
          grunt_lair_entry_orc_guard_hut, enter_bailey_3,
          ploomutoo_gammafunk_ghost_potion_laboratory, serial_shops,
          nicolae_shop_statue_plus, grunt_livestock
Temple:   hellmonk_temple_divided_pantheon

Skill      XL: |  1  2  3  4  5  6  7  8  9 10 |
---------------+-------------------------------+-----
Shields        | 4 5 6 8 9 |  9.8
Fighting       | 4 5 6 8 9 |  9.8
Maces & Flails | 3 4 5 7 8 |  8.7
Armour         | 4 5 6 8 9 |  9.9

Action                     |  1- 3 |  4- 6 |  7- 9 | 10-12 || total
---------------------------+-------+-------+-------+-------++-------
  Melee: Flail             |   122 |   164 |   180 |       ||   466
         Morningstar       |       |       |   138 |   264 ||   402
  Throw: Dart              |       |       |     5 |    18 ||    23
 Invoke: Heroism           |       |       |       |     4 ||     4
    Use: Scroll            |       |     9 |     9 |     4 ||    22
         Potion            |       |       |     1 |     3 ||     4
 Armour: Scale mail        |    81 |    43 |       |       ||   124
         Chain mail        |       |    56 |   103 |       ||   159
         Plate armour      |       |       |   133 |   351 ||   484
  Dodge: Dodged            |    76 |    67 |   138 |   207 ||   488
  Block: Buckler           |    23 |    34 |   107 |   171 ||   335

Table legend: (Time is in decaauts)
 A = Elapsed time spent in this place.
 B = Non-inter-level travel time spent in this place.
 C = Inter-level travel time spent in this place.
 D = Time resting spent in this place.
 E = Time spent auto-exploring this place.
 F = Levels seen in this place.
 G = Mean time per level.
                   A        B        C        D        E       F      G
               +--------+--------+--------+--------+--------+-----+--------+
         Total |   9621 |   9172 |    449 |   1647 |   5256 |  12 |  801.8 |
       Dungeon |   8802 |   8365 |    437 |   1225 |   5223 |  10 |  880.2 |
        Temple |    266 |    254 |     12 |    150 |     33 |   1 |  266.0 |
        Bailey |    552 |    552 |      0 |    272 |      0 |   1 |  552.0 |
               +--------+--------+--------+--------+--------+-----+--------+

Top non-repeatable levels by time:
     D:8: 1338 daAuts
     D:5: 1064 daAuts
     D:7: 1062 daAuts
     D:9: 974 daAuts
     D:6: 887 daAuts
     D:3: 858 daAuts
     D:4: 857 daAuts
     D:1: 724 daAuts
     D:2: 639 daAuts
  Bailey: 552 daAuts
    D:10: 396 daAuts
  Temple: 266 daAuts
